 Dungeon Crawl Stone Soup version 0.28.0-43-g3370ac3207 (webtiles) character file.

Game seed: 2773916732960945881

8539 boopmooplesden the Protected (level 11, -7/145 HPs)
             Began as a Minotaur Berserker on Mar 21, 2022.
             Was an Elder of Trog.
             Killed from afar by a rakshasa (27 damage)
             ... with a lance of force
             ... on level 10 of the Dungeon.
             The game lasted 00:12:23 (9527 turns).

boopmooplesden the Protected (Minotaur Berserker)   Turns: 9527, Time: 00:12:24

Health: -7/145     AC: 15    Str: 32    XL:     11   Next: 11%
Magic:  10/10      EV: 14    Int:  6    God:    Trog [****..]
Gold:   531        SH:  0    Dex: 17    Spells: 10/10 levels left

rFire   + . .      SeeInvis .   H - +5 great sword
rCold   + . .      Faith    .   (shield currently unavailable)
rNeg    . . .      Spirit   .   y - +4 scale mail
rPois   .          Reflect  .   (helmet restricted)
rElec   .          Harm     .   n - +0 cloak "Seditic" {Rampage rC+ Stlth+}
rCorr   .          Rampage  +   E - +0 pair of gloves
Will    .....                   (no boots)
Stlth   ..........              (no amulet)
HPRegen 0.34/turn               t - ring "Gycaojurch" {rF+ Str+5 Dex+4}
MPRegen 0.12/turn               A - +6 ring of strength

@: berserking, very quick
A: horns 2, retaliatory headbutt
a: Renounce Religion, Berserk, Trog's Hand, Brothers in Arms


You were on level 10 of the Dungeon.
You worshipped Trog.
Trog was greatly pleased with you.
You visited 1 branch of the dungeon, and saw 10 of its levels.

You collected 531 gold pieces.

Inventory:

Hand Weapons
 a - a +0 hand axe
 f - a +1 vorpal flail
 l - a +1 spectral club
 F - a +0 dire flail
 G - a +2 demon blade of electrocution
 H - a +5 great sword (weapon)
Missiles
 d - 4 throwing nets (quivered)
Armour
 g - +0 steam dragon scales
 n - the +0 cloak "Seditic" (worn) {Rampage rC+ Stlth+}
   (You found it on level 4 of the Dungeon)

   rC:        It protects you from cold.
   Rampage:   It bestows one free step when moving towards enemies.
   Stlth:     It makes you more stealthy.
 y - a +4 scale mail (worn)
 E - a +0 pair of gloves (worn)
Jewellery
 t - the ring "Gycaojurch" (left hand) {rF+ Str+5 Dex+4}
   (You found it on level 5 of the Dungeon)

   [ring of protection from fire]

   Str:       It affects your strength (+5).
   Dex:       It affects your dexterity (+4).
   rF:        It protects you from fire.
 w - a ring of fire
 A - a +6 ring of strength (right hand)
 C - a ring of positive energy
Wands
 b - a wand of digging (5)
 j - a wand of iceblast (16)
 v - a wand of charming (10)
 D - a wand of flame (6)
Scrolls
 e - a scroll of blinking
 i - 2 scrolls of magic mapping
 m - 2 scrolls of summoning
 p - a scroll of amnesia
 s - 4 scrolls of identify
Potions
 c - a potion of haste {unknown}
 h - 3 potions of attraction {unknown}
 k - 2 potions of brilliance {unknown}
 o - a potion of cancellation {unknown}
 q - a potion of heal wounds
 r - 2 potions of flight {unknown}
 u - 2 potions of mutation
 x - 4 potions of curing
 z - 2 potions of lignification
 B - a potion of ambrosia {unknown}


   Skills:
 + Level 9.3 Fighting
 + Level 7.4 Long Blades
 + Level 7.5(9.6) Axes
 + Level 9.4(10.5) Maces & Flails
 + Level 9.7 Armour
 + Level 6.1 Dodging
 + Level 4.5 Stealth
 + Level 1.1 Evocations


You had 10 spell levels left.
You didn't know any spells.
Your spell library was empty.

Dungeon Overview and Level Annotations

Branches:
Dungeon (10/15)            Temple (0/1) D:7            Lair (0/6) D:8
    Orc (0/2) D:9

Altars:
Cheibriados
Gozag
Okawaru
Qazlal
Uskayaw
Wu Jian

Shops:
D:2 *   D:5 =

Annotations:
D:10 Snorg


Innate Abilities, Weirdness & Mutations

You have a pair of horns on your head.
You reflexively headbutt those who attack you in melee.


Message History

You slam into the rock wall!
You slice the rakshasa!!
The rakshasa is severely wounded.
The rakshasa closely misses you. You furiously retaliate!
You headbutt the rakshasa.
The injured rakshasa weaves a defensive illusion!
You slash the rakshasa!
You kill the rakshasa!
The rakshasa shimmers and vanishes!
The rakshasa barely misses you. The rakshasa closely misses you.
You furiously retaliate!
You headbutt the rakshasa. The rakshasa gestures at you.
The lance of force misses you.
A red film seems to cover your vision as you go berserk!
You feel yourself moving faster!
You feel mighty! The rakshasa completely misses you.
The rakshasa gestures at you. The lance of force hits you!
You are knocked back by the lance of force.
You slam into the rock wall!
You barely miss the rakshasa. Your headbutt misses the rakshasa.
The rakshasa is severely wounded.
The rakshasa hits you with a +0 whip. The rakshasa gestures at you.
The lance of force misses you.
You slice the rakshasa!!
You feel the power of Trog in you as your rage grows.
You kill the rakshasa!
The rakshasa shimmers and vanishes!
The rakshasa gestures at you. The lance of force hits you!!
* * * LOW HITPOINT WARNING * * *
You are knocked back by the lance of force.
You slam into the rock wall!
* * * LOW HITPOINT WARNING * * *
You rampage towards the rakshasa!
You feel a strong urge to attack something.
The rakshasa gestures at you. The lance of force hits you!!
You die...

#.....†.'...##..††..#..
#.....).#...####.......
##.....##...# ######..
##...###...# #.. .######
#†..# #.. ......####...# #..
#......##...+ #..
##..[..##...# #..
#....@.#(..# #..
###..R.....# #..
########################..
#.........................
###...........>.............
#...###..................#..
#...##.......##.[.......##..
##..#..........##>.#########
###.#........#######


You could see a rakshasa.

Vanquished Creatures
  A boulder beetle (D:9)
  A two-headed ogre (D:8)
  An ugly thing (D:10)
  Maggie (D:6)
  A tengu conjurer (D:10)
  A troll (D:8)
  Grinder (D:4)
  A hornet (D:10)
  A shadow (D:9)
  2 steam dragons (D:8)
  An acid dragon (D:9)
  3 water moccasins
  2 orc warriors (D:10)
  2 ice beasts
  A hornet zombie (D:8)
  2 ogres
  A sky beast (D:6)
  A black bear (D:5)
  A necrophage (D:6)
  3 centaurs
  4 wolves (D:8)
  2 kobold brigands
  A bullfrog (D:7)
  A gnoll sergeant (D:9)
  A wyvern zombie (D:7)
  A wyvern skeleton (D:5)
  2 scorpions
  3 water moccasin skeletons
  7 killer bees
  2 howler monkeys
  12 wights
  5 electric eels (D:8)
  7 crimson imps (D:8)
  A bullfrog zombie (D:5)
  3 centaur zombies
  3 gnoll shamans
  6 hounds
  3 jellies
  A centaur skeleton (D:5)
  An iguana (D:6)
  5 orc wizards
  Robin (D:3)
  A howler monkey zombie (D:5)
  2 howler monkey skeletons (D:5)
  13 gnolls
  7 adders
  3 shadow imps
  2 white imps (D:8)
  5 dart slugs
  18 orcs
  A ball python (D:3)
  5 endoplasms
  2 giant cockroaches
  16 goblins
  5 hobgoblins
  7 quokkas
  5 bats
  6 frilled lizards
  8 kobolds
  4 rats
210 creatures vanquished.

Vanquished Creatures (others)
  5 plants (D:4)
5 creatures vanquished.

Grand Total: 215 creatures vanquished

Notes
Turn   | Place    | Note
-------+----------+-------------------------------------------
     0 | D:1      | boopmooplesden the Minotaur Berserker began the quest for
                  | the Orb.
     0 | D:1      | Reached XP level 1. HP: 19/19 MP: 0/0
   148 | D:1      | Reached XP level 2. HP: 9/27 MP: 1/1
   985 | D:2      | Found Usejaoha's Assorted Antiques.
  1146 | D:2      | Reached XP level 3. HP: 31/33 MP: 2/2
  1227 | D:2      | Found a faded altar of an unknown god.
  1871 | D:3      | Reached XP level 4. HP: 41/41 MP: 3/3
  1875 | D:3      | Found a snail-covered altar of Cheibriados.
  1944 | D:3      | Found an opulent altar of Gozag.
  1948 | D:3      | Found a stormy altar of Qazlal.
  2143 | D:3      | Noticed Robin
  2148 | D:3      | Reached skill level 5 in Axes
  2151 | D:3      | Reached ** piety under Trog
  2170 | D:3      | Killed Robin
  2521 | D:4      | Reached XP level 5. HP: 44/47 MP: 4/4
  2626 | D:4      | Noticed Grinder
  2639 | D:4      | Killed Grinder
  2640 | D:4      | Reached skill level 5 in Fighting
  2640 | D:4      | Reached skill level 1 in Maces & Flails
  2640 | D:4      | Reached XP level 6. HP: 17/56 MP: 5/5
  2675 | D:4      | Identified the +0 cloak "Seditic" {Rampage rC+ Stlth+}
  3796 | D:5      | Entered Level 5 of the Dungeon
  3815 | D:5      | Reached XP level 7. HP: 60/61 MP: 6/6
  3879 | D:5      | Identified the ring "Gycaojurch" {rF+ Str+5 Dex+4}
  3904 | D:5      | Found Xuh Xeff's Jewellery Shop.
  4095 | D:5      | Reached skill level 1 in Stealth
  4265 | D:5      | Reached skill level 1 in Evocations
  4318 | D:5      | Reached XP level 8. HP: 70/70 MP: 7/7
  4512 | D:5      | Reached skill level 5 in Armour
  4781 | D:6      | Noticed Maggie
  4791 | D:6      | Killed Maggie
  4792 | D:6      | Reached skill level 5 in Maces & Flails
  5020 | D:6      | Reached *** piety under Trog
  5290 | D:6      | Found an iron altar of Okawaru.
  5300 | D:6      | Reached XP level 9. HP: 78/78 MP: 8/8
  6118 | D:7      | Found a staircase to the Ecumenical Temple.
  6308 | D:7      | Noticed a +0 hand axe
  6309 | D:7      | Noticed a +0 dagger
  6313 | D:7      | Found a hide-covered altar of Uskayaw.
  6741 | D:8      | Noticed a two-headed ogre
  6748 | D:8      | Killed a two-headed ogre
  6760 | D:8      | Reached skill level 5 in Dodging
  7000 | D:8      | Found an ornate altar of the Wu Jian Council.
  7033 | D:8      | Noticed a troll
  7041 | D:8      | Killed a troll
  7042 | D:8      | Reached skill level 1 in Long Blades
  7042 | D:8      | Reached XP level 10. HP: 88/88 MP: 9/9
  7069 | D:8      | Found a staircase to the Lair.
  7877 | D:8      | Reached **** piety under Trog
  8455 | D:9      | Noticed a boulder beetle
  8467 | D:9      | Killed a boulder beetle
  8468 | D:9      | Reached skill level 5 in Long Blades
  8541 | D:9      | Found a staircase to the Orcish Mines.
  9061 | D:10     | Entered Level 10 of the Dungeon
  9061 | D:10     | Noticed a manticore
  9062 | D:10     | Noticed Snorg
  9234 | D:10     | Noticed a green ugly thing
  9242 | D:10     | Killed a green ugly thing
  9443 | D:10     | Reached XP level 11. HP: 97/97 MP: 10/10
  9505 | D:10     | Noticed a rakshasa
  9527 | D:10     | Killed from afar by a rakshasa

Illustrated notes

Levels and vault maps discovered:
D:1:      noname_arrival_rooms_in_the_neighbourhood, layout_loops_ring
D:2:      layout_loops_ring, hellmonk_ecumenical_altar_arch_garden,
          serial_shops, shop, minmay_between
D:3:      layout_rooms, minmay_overflow_temple_star_quad, uniq_robin
D:4:      layout_rooms, serial_bayou, serial_bayou_pond_a,
          serial_bayou_lagoon_a, serial_bayou_lake_a, serial_bayou_ford_a,
          minivault_5, dk_noncrumbling_4, uniq_grinder
D:5:      layout_gridville, serial_shops, shop, corexii_corridor_pit,
          minmay_joined_circles
D:6:      minmay_recursive_quarters, layout_basic, okawaru_ov_weapons_minmay,
          amcnicky_mini_pool_small, uniq_maggie
D:7:      layout_basic, dancing_weapons_uskayaw, minmay_temple_entry_slanted
D:8:      layout_basic, mainiacjoe_overflow_24_doors, erik_lair_island,
          minmay_nine_imps
D:9:      layout_irregular_city, orc_0_dummy, serial_column_ruins,
          column_ruins_hut, column_ruins_hut, column_ruins_grid_1,
          column_ruins_columns_water, column_ruins_open_tiny,
          column_ruins_open_small, column_ruins_columns_straight,
          column_ruins_grid_1, solitary_fountain
D:10:     minmay_opposing_rooms, layout_cave_pools, zin_treasury,
          mainiacjoe_overflow_paths, special_room [special_room_orc],
          serial_column_ruins, column_ruins_courtyard_long, column_ruins_hut,
          column_ruins_columns_straight, column_ruins_columns_corner,
          column_ruins_open_small, column_ruins_columns_straight, fountainhead,
          uniq_snorg

Skill      XL: |  1  2  3  4  5  6  7  8  9 10 |
---------------+-------------------------------+-----
Fighting       | 4 5 6 7 9 |  9.3
Axes           | 4 5 6 7 |  7.5
Dodging        | 3 4 5 6 |  6.1
Armour         | 3 4 6 8 9 |  9.7
Maces & Flails | 1 2 3 6 9 |  9.4
Stealth        | 1 3 4 |  4.5
Evocations     | 1 |  1.1
Long Blades    | 1 7 |  7.4

Action                   |  1- 3 |  4- 6 |  7- 9 | 10-12 || total
-------------------------+-------+-------+-------+-------++-------
Melee: Hand axe          |    69 |    36 |       |       ||   105
       Headbutt          |    12 |    10 |    48 |    27 ||    97
       Punch             |     1 |       |     3 |     1 ||     5
       Club              |       |    41 |    75 |       ||   116
       Flail             |       |       |   115 |       ||   115
       Demon blade       |       |       |    14 |   136 ||   150
       Great sword       |       |       |       |    11 ||    11
Invok: Berserk           |       |     2 |     6 |     6 ||    14
Evoke: Wand              |     1 |     1 |       |       ||     2
  Use: Potion            |       |     1 |     1 |       ||     2
       Scroll            |       |       |    12 |     3 ||    15
 Stab: Sleeping          |     1 |     4 |     3 |     2 ||    10
       Distracted        |       |       |     2 |       ||     2
Armor: Animal skin       |     9 |       |       |       ||     9
       Leather armour    |     6 |    17 |       |       ||    23
       Chain mail        |       |     1 |    44 |       ||    45
       Scale mail        |       |       |    46 |    92 ||   138
Dodge: Dodged            |    56 |    27 |   129 |   131 ||   343
